 Dungeon Crawl Stone Soup version 0.19.0-24-gb05acd6 (webtiles) character file.

10526 XO4YCPATb the Gouger (level 11, -6/55 HPs)
             Began as a Felid Ice Elementalist on Nov 21, 2016.
             Was the Champion of Cheibriados.
             Mangled by a hill giant
             ... wielding a +0 giant club
              (40 damage)
             ... on level 12 of the Dungeon.
             The game lasted 01:07:35 (22354 turns).

XO4YCPATb the Gouger (Felid Ice Elementalist)      Turns: 22354, Time: 01:07:36

Health: -6/55      AC: 17    Str: 27    XL:     11   Next: 37%
Magic:  16/22      EV: 18    Int: 38    God:    Cheibriados [******]
Gold:   117        SH:  2    Dex: 28    Spells: 5 memorised, 5 levels left
                                        Lives:  0   Deaths: 3

rFire  x . .     SeeInvis +       - Unarmed
rCold  + + +     Gourm    .     (armour unavailable)
rNeg   . . .     Faith    .     (shield unavailable)
rPois  +         Spirit   .     (helmet unavailable)
rElec  .         Reflect  +     (cloak unavailable)
rCorr  +         Harm     .     (gloves unavailable)
MR     +....                    (boots unavailable)
Stlth  ++++......               o - +2 amulet of reflection
                                f - ring "Ynnofud" {rCorr rC+ Str+8 Int+3 Dex-4}
                                s - ring of stealth

@: icy armour, ice-form, very slow
A: no armour, no weapons or thrown items, stealth, (claws 0), (fangs 0), see
invisible, carnivore 3, (speed 0), (shaggy fur 0), slow metabolism 1, (sharp
paws)
a: End Transformation, Bend Time, Temporal Distortion, Slouch, Step From Time,
Renounce Religion


You were on level 12 of the Dungeon.
You worshipped Cheibriados.
Cheibriados was exalted by your worship.
You were completely stuffed.
You were a creature of crystalline ice.
You visited 3 branches of the dungeon, and saw 15 of its levels.

You collected 902 gold pieces.
You spent 785 gold pieces at shops.

Inventory:

Jewellery
 f - the ring "Ynnofud" (right front paw) {rCorr rC+ Str+8 Int+3 Dex-4}
   (You bought it in a shop on level 8 of the Dungeon)

   [ring of resist corrosion]

   It affects your strength (+8).
   It affects your intelligence (+3).
   It affects your dexterity (-4).
   It protects you from cold.
 o - a +2 amulet of reflection (around neck)
 s - a ring of stealth (left front paw)
 E - an uncursed amulet of magic regeneration
Wands
 v - a wand of flame (26/48)
 x - a wand of iceblast (1/15)
 y - a wand of lightning (9/15)
 z - a wand of acid (5/15)
 A - a wand of flame (34/48)
 B - a wand of flame (21/48)
 D - a wand of acid (5/15)
 J - a wand of lightning (5/15)
Scrolls
 c - 2 scrolls of immolation
 d - 3 scrolls of teleportation
 e - 6 scrolls of amnesia
 g - 5 scrolls of recharging
 i - 9 scrolls of remove curse {unknown}
 n - 2 scrolls of fog
 G - 2 scrolls of random uselessness
 I - a scroll of enchant weapon {unknown}
Potions
 h - 3 potions of cure mutation
 j - 4 potions of flight
 p - 3 potions of brilliance
 q - a potion of might
Books
 a - a book of Frost

   Spells                             Type                      Level
   a - Freeze                         Ice                          1
   b - Throw Frost                    Conjuration/Ice              2
   c - Ozocubu's Armour               Charms/Ice                   3
   d - Throw Icicle                   Conjuration/Ice              4
   e - Summon Ice Beast               Ice/Summoning                4
 k - a Young Poisoner's Handbook

   Spells                             Type                      Level
   a - Sting                          Conjuration/Poison           1
   b - Mephitic Cloud                 Conjuration/Poison/Air       3
   c - Olgreb's Toxic Radiance        Poison                       4
   d - Alistair's Intoxication        Transmutation/Poison         5
   e - Venom Bolt                     Conjuration/Poison           5
 m - a book of Maledictions

   Spells                             Type                      Level
   a - Corona                         Hexes                        1
   b - Ensorcelled Hibernation        Hexes/Ice                    2
   c - Confuse                        Hexes                        3
   d - Tukima's Dance                 Hexes                        3
   e - Dazzling Spray                 Conjuration/Hexes            3
 w - a book of Changes

   Spells                             Type                      Level
   a - Beastly Appendage              Transmutation                1
   b - Sticks to Snakes               Transmutation                2
   c - Spider Form                    Transmutation/Poison         3
   d - Ice Form                       Ice/Transmutation            4
   e - Blade Hands                    Transmutation                5
Comestibles
 b - 7 meat rations
 l - 3 chunks of flesh
 u - 2 slices of pizza
 C - 2 beef jerkies


   Skills:
 + Level 4.5 Fighting
 + Level 8.4 Dodging
 - Level 2.6 Stealth
 * Level 8.8 Unarmed Combat
 + Level 6.6 Spellcasting
 - Level 5.0 Conjurations
 - Level 5.2 Hexes
 - Level 5.0 Charms
 - Level 5.1 Summonings
 - Level 5.7 Transmutations
 + Level 5.9 Ice Magic
 + Level 6.5 Invocations


You had 5 spell levels left.
You knew the following spells:

 Your Spells              Type           Power        Failure   Level  Hunger
a - Ice Form              Ice/Tmut       ######..     2%          4    None
b - Ozocubu's Armour      Chrm/Ice       ######..     1%          3    None
c - Summon Ice Beast      Ice/Summ       ######..     3%          4    None
d - Dazzling Spray        Conj/Hex       ######       1%          3    None
e - Throw Icicle          Conj/Ice       ######..     3%          4    None


Dungeon Overview and Level Annotations

Branches:
Dungeon (12/15)            Temple (1/1) D:5            Lair (0/6) D:11
    Orc (2/2) D:10            Elf (0/3) Orc:2

Altars:
Ashenzari
Cheibriados
Dithmenos
Elyvilon
Fedhas
Hepliaklqana
Kikubaaqudgha
Makhleb
Qazlal
Sif Muna
Trog
Uskayaw
Xom
Yredelemnul
Zin
The Shining One

Shops:
D:4 **[=(   D:7 }   D:8 =   D:11 [

Annotations:
D:7 telepalka 297 babla
D:9 exclusions: centaur and 8 more exclusions


Innate Abilities, Weirdness & Mutations

You cannot wear armour.
You are incapable of wielding weapons or throwing items.
Your paws allow you to move quietly. (Stealth)
((You have sharp claws.))
((You have razor-sharp teeth.))
You have supernaturally acute eyesight. (SInv)
You are carnivorous and can eat meat at any time.
((You cover ground quickly.))
((You are covered in thick fur. (AC +2)))
You have a slow metabolism.
((Your sharp claws are effective at attacking unaware monsters.))


Message History

Your icy body feels more resilient.
The hill giant shouts!
The hill giant barely misses you.
A black bear comes into view.
The black bear growls angrily.
You punch the hill giant! You freeze the hill giant.
The hill giant is lightly wounded.
The hill giant hits you with a giant club.
You punch the hill giant! You freeze the hill giant.
The hill giant is moderately wounded.
Unknown command.
You punch the hill giant! You freeze the hill giant.
The hill giant is heavily wounded.
The hill giant hits you with a giant club!!
Unknown command.
You hit the hill giant. You freeze the hill giant.
The hill giant is heavily wounded.
The hill giant hits you with a giant club!!!
Ouch! That really hurt!
You die...

################..###
.....................
.
...(h.CY.............
. .########..#####
#..# # #..# #..# #
#..# #..# # #..# #..#
#
#####..#######..####
.....................
................(....
######..####..#####..


You could see a hill giant and a black bear.

Vanquished Creatures
  Urug (D:11)
  Sonja (D:10)
  2 unseen horrors
  A cyclops (D:11)
  Maurice (D:11)
  2 trolls (D:10)
  2 two-headed ogres
  A hippogriff (D:11)
  The ghost of Erac the Destroyer, an amateur HECj of Vehumet (D:4)
  6 yaks (D:10)
  A wraith (D:10)
  The ghost of Kikal the Grave Robber, an amateur DgNe (D:3)
  A mottled dragon (D:11)
  5 orc warriors
  Purgy (D:3)
  2 ice beasts
  A necrophage (D:10)
  2 phantoms
  3 ogres
  4 centaurs
  2 crocodiles (D:11)
  Blork the orc (D:8)
  4 big kobolds
  6 bullfrogs
  A wyvern zombie (D:9)
  17 killer bees
  6 scorpions
  9 wights (D:7)
  4 howler monkeys
  5 jellies
  5 crimson imps
  A bullfrog zombie (D:11)
  2 quasits
  8 hounds
  2 bullfrog skeletons
  A centaur zombie (D:8)
  11 orc priests
  4 centaur skeletons
  3 iron imps (D:6)
  9 orc wizards
  3 iguanas
  Ijyb (D:3)
  7 worker ants
  A killer bee zombie (D:10)
  A hound skeleton (D:7)
  2 worker ant zombies
  16 gnolls
  6 river rats (D:11)
  17 adders
  2 shadow imps
  3 oozes
  5 adder skeletons
  An adder zombie (D:4)
  8 leopard geckos
  41 orcs
  10 bats
  3 giant cockroaches
  6 goblins
  23 hobgoblins
  12 jackals
  9 quokkas
  2 ball pythons
  A frilled lizard (D:3)
  A goblin skeleton (D:6)
  A hobgoblin zombie (D:6)
  A jackal skeleton (D:7)
  A jackal zombie (D:9)
  24 kobolds
  4 kobold skeletons (D:6)
  A leopard gecko skeleton (D:6)
  An orc skeleton (D:6)
  3 orc zombies (D:6)
  A quokka skeleton (D:7)
  25 rats
383 creatures vanquished.

Vanquished Creatures (collateral kills)
  Gastronok (D:11)
  A hydra (D:11)
  The ghost of removeelyvilon the Chiller, a novice GrIE (D:7)
  A hill giant (D:11)
  An ugly thing (D:11)
  5 yaks (D:10)
  A phantom (D:4)
  3 orc warriors
  An ogre (D:6)
  A gnoll sergeant (D:7)
  A wight (D:7)
  A gnoll shaman (D:7)
  2 orc priests
  A hound (D:6)
  A worker ant (D:6)
  A white imp (D:6)
  4 orcs
  A hobgoblin (D:7)
  A jackal (D:10)
  A kobold skeleton (D:6)
  A plant (D:7)
31 creatures vanquished.

Vanquished Creatures (others)
  9 fungi (D:11)
  8 plants
17 creatures vanquished.

Grand Total: 431 creatures vanquished

Notes
Turn   | Place    | Note
-------+----------+-------------------------------------------
     0 | D:1      | XO4YCPATb the Felid Ice Elementalist began the quest for the Orb.
     0 | D:1      | Reached XP level 1. HP: 7/7 MP: 4/4
   501 | D:1      | Reached XP level 2. HP: 11/11 MP: 1/6
  1127 | D:2      | Found an ancient bone altar of Kikubaaqudgha.
  1127 | D:2      | Found a hide-covered altar of Uskayaw.
  1186 | D:2      | Reached XP level 3. HP: 12/14 MP: 1/7
  1191 | D:2      | Learned a level 3 spell: Ozocubu's Armour
  1488 | D:2      | Reached skill level 1 in Charms
  2242 | D:2      | Reached XP level 4. HP: 16/18 MP: 1/8
  2635 | D:2      | You fall through a shaft for 2 floors!
  2635 | D:4      | Found Loeciojo's General Store.
  2718 | D:4      | Found Umophyrch's General Store.
  2739 | D:4      | Noticed Erac's ghost (amateur HECj)
  3045 | D:3      | Reached XP level 5. HP: 18/21 MP: 9/9
  3088 | D:3      | Noticed Kikal's ghost (amateur DgNe)
  3569 | D:3      | Noticed Ijyb
  3577 | D:3      | Killed Ijyb
  3577 | D:3      | Reached skill level 1 in Unarmed Combat
  3624 | D:3      | Learned a level 4 spell: Summon Ice Beast
  3637 | D:3      | Noticed Purgy
  3673 | D:3      | Killed Purgy
  3673 | D:3      | Reached skill level 1 in Summonings
  3878 | D:3      | Gained mutation: You are covered in thick fur. (AC +2) [Felid growth]
  3878 | D:3      | Reached XP level 6. HP: 24/24 MP: 6/10
  4276 | D:3      | Killed from afar by Kikal's ghost
  4277 | D:3      | Reached XP level 5. HP: -2/21 MP: 4/9
  4978 | D:3      | Killed Kikal's ghost
  4978 | D:3      | Reached XP level 6. HP: 18/24 MP: 1/11
  5374 | D:3      | Learned a level 3 spell: Dazzling Spray
  5473 | D:4      | Killed Erac's ghost
  5473 | D:4      | Reached skill level 1 in Conjurations
  5706 | D:4      | Reached XP level 7. HP: 23/27 MP: 6/13
  5905 | D:4      | Found Wisulev's Jewellery Emporium.
  7049 | D:4      | Found Mibly's Armour Shoppe.
  7295 | D:4      | Found Ogotuowo's Weapon Shoppe.
  7701 | D:5      | Entered Level 5 of the Dungeon
  7801 | D:5      | Reached skill level 1 in Hexes
  8056 | D:5      | Found a staircase to the Ecumenical Temple.
  8065 | Temple   | Entered the Ecumenical Temple
  8084 | Temple   | Became a worshipper of Cheibriados the Contemplative
  8106 | D:5      | Learned a level 4 spell: Throw Icicle
  8338 | D:6      | Reached XP level 8. HP: 19/31 MP: 1/15
  8804 | D:6      | Reached skill level 1 in Invocations
  9122 | D:6      | Reached * piety under Cheibriados
 10237 | D:6      | Found a glowing golden altar of the Shining One.
 10492 | D:6      | Found a burning altar of Makhleb.
 11603 | D:6      | Reached XP level 9. HP: 34/34 MP: 9/16
 11773 | D:4      | Bought a +2 amulet of reflection for 250 gold pieces
 12206 | D:7      | Reached skill level 5 in Hexes
 12206 | D:7      | Reached skill level 5 in Summonings
 12297 | D:7      | Reached ** piety under Cheibriados
 12399 | D:7      | Found Pitec's Gadget Boutique.
 12943 | D:7      | Noticed removeelyvilon's ghost (novice GrIE)
 12953 | D:7      | Killed removeelyvilon's ghost
 12953 | D:7      | Reached skill level 5 in Ice Magic
 13153 | D:7      | Reached skill level 5 in Dodging
 13253 | D:7      | Reached skill level 5 in Unarmed Combat
 13647 | D:7      | Found a shattered altar of Ashenzari.
 13779 | D:7      | Reached *** piety under Cheibriados
 13985 | D:7      | Reached skill level 5 in Conjurations
 14936 | D:7      | Reached **** piety under Cheibriados
 15375 | D:7      | Reached skill level 5 in Charms
 15589 | D:7      | Slain by an orc warrior
 15590 | D:7      | Reached XP level 8. HP: -3/31 MP: 2/16
 15913 | D:7      | Reached XP level 9. HP: 34/34 MP: 12/17
 16277 | D:8      | Reached skill level 5 in Spellcasting
 16284 | D:8      | Learned a level 4 spell: Ice Form
 16325 | D:8      | Found Etiamilo's Jewellery Emporium.
 16332 | D:8      | Reached skill level 1 in Transmutations
 16414 | D:8      | Reached ***** piety under Cheibriados
 16506 | D:8      | Noticed Blork the orc
 16518 | D:8      | Killed Blork the orc
 16526 | D:8      | Found a deep blue altar of Sif Muna.
 17140 | D:10     | Entered Level 10 of the Dungeon
 17461 | D:9      | Reached skill level 5 in Transmutations
 17634 | D:9      | Found a glowing silver altar of Zin.
 18052 | D:10     | Noticed a troll
 18061 | D:10     | Killed a troll
 18061 | D:10     | Reached skill level 1 in Fighting
 18215 | D:10     | Found a staircase to the Orcish Mines.
 18257 | D:10     | Reached XP level 10. HP: 39/39 MP: 18/18
 18301 | D:11     | Noticed Sonja
 18301 | D:11     | Noticed Urug
 18889 | D:10     | Mangled by a yak
 18890 | D:10     | Reached XP level 9. HP: -7/43 MP: 5/18
 18907 | D:10     | Killed Sonja
 18907 | D:10     | Reached skill level 5 in Invocations
 19105 | D:10     | Reached ****** piety under Cheibriados
 19319 | D:10     | Noticed an unseen horror
 19334 | D:10     | Killed an unseen horror
 19334 | D:10     | Reached XP level 10. HP: 35/41 MP: 2/19
 20155 | D:11     | Found Rib Jank's Armour Shoppe.
 20155 | D:11     | Noticed a five-headed hydra
 20480 | D:11     | Killed a five-headed hydra
 20494 | D:11     | Killed Urug
 20701 | D:11     | Noticed Maurice
 20704 | D:11     | Killed Maurice
 20776 | D:11     | Found a staircase to the Lair.
 20939 | D:11     | Noticed a cyclops
 20948 | D:11     | Killed a cyclops
 20948 | D:11     | Reached XP level 11. HP: 32/46 MP: 13/21
 21190 | D:11     | Noticed Gastronok
 21262 | D:8      | Bought the ring "Ynnofud" {rCorr rC+ Str+8 Int+3 Dex-4} for 535 gold pieces
 21315 | Orc:1    | Entered Level 1 of the Orcish Mines
 21459 | Orc:2    | Entered Level 2 of the Orcish Mines
 21706 | D:11     | Noticed an unseen horror
 21713 | D:11     | Noticed a cyan ugly thing
 21718 | D:11     | Killed an unseen horror
 21726 | D:11     | Killed a cyan ugly thing
 21989 | D:11     | Noticed a hill giant
 21992 | D:11     | Killed Gastronok
 21995 | D:11     | Killed a hill giant
 22345 | D:12     | Noticed a hill giant
 22354 | D:12     | Mangled by a hill giant

Skill      XL: |  1  2  3  4  5  6  7  8  9 10 |
---------------+-------------------------------+-----
Ice Magic      | 3 4 5 |  5.9
Charms         | 2 4 5 |  5.0
Unarmed Combat | 2 4 7 8 |  8.8
Summonings     | 2 3 4 5 |  5.1
Spellcasting   | 3 4 5 6 |  6.6
Conjurations   | 2 3 5 |  5.0
Hexes          | 2 4 5 |  5.2
Dodging        | 4 7 8 |  8.4
Invocations    | 2 5 6 |  6.5
Transmutations | 5 |  5.7
Fighting       | 1 4 |  4.5
Stealth        | |  2.6

Action                   |  1- 3 |  4- 6 |  7- 9 | 10-12 || total
-------------------------+-------+-------+-------+-------++-------
Melee: Unarmed           |     6 |    89 |   765 |   172 ||  1032
       Bite              |       |     8 |    71 |    17 ||    96
       Punch             |       |       |    12 |     4 ||    16
 Cast: Freeze            |    57 |    76 |    53 |       ||   186
       Ozocubu's Armour  |       |     3 |    31 |    16 ||    50
       Dazzling Spray    |       |     1 |    48 |    18 ||    67
       Summon Ice Beast  |       |       |    38 |    16 ||    54
       Throw Icicle      |       |       |    38 |    11 ||    49
       Ice Form          |       |       |    13 |    16 ||    29
Invok: Slouch            |       |       |       |     1 ||     1
Evoke: Wand              |       |     3 |       |     1 ||     4
  Use: Scroll            |       |     9 |     6 |     6 ||    21
       Potion            |       |     2 |     6 |     7 ||    15
 Stab: Sleeping          |       |     2 |    19 |     2 ||    23
       Invisible         |       |       |    18 |       ||    18
       Distracted        |       |       |     2 |     1 ||     3
  Eat: Chunk             |    11 |    11 |    48 |     8 ||    78
Armor: Skin              |     3 |    19 |   156 |    60 ||   238
Dodge: Dodged            |    40 |   117 |   693 |   205 ||  1055
Block: Other             |       |       |    34 |    13 ||    47
